 Dungeon Crawl Stone Soup version 0.29-a0-878-g7b45a56547 (webtiles) character file.

Game seed: 2461613002873255045

118 reriks the Agent of Entropy (level 5, 0/42 HPs)
             Began as a Formicid Abyssal Knight on July 20, 2022.
             Was a Priest of Lugonu.
             Succumbed to Dowan's poison
             ... on level 3 of the Dungeon.
             The game lasted 00:04:11 (4128 turns).

reriks the Agent of Entropy (FoAK)                  Turns: 4128, Time: 00:04:12

Health: 0/42       AC:  5    Str: 20    XL:     5   Next: 23%
Magic:  7/7        EV: 11    Int:  9    God:    Lugonu [***...]
Gold:   168        SH:  0    Dex: 14    Spells: 4/4 levels left

rFire   . . .      SeeInvis +   a - +1 falchion
rCold   . . .      Faith    .   (no shield)
rNeg    . . .      Spirit   .   g - +0 ring mail
rPois   .          Reflect  .   (helmet unavailable)
rElec   .          Harm     .   (no cloak)
rCorr   .          Rampage  .   (no gloves)
Will    .....                   (no boots)
Stlth   +.........              (no amulet)
HPRegen 0.14/turn               (no ring)
MPRegen 0.10/turn               (no ring)

@: lethally poisoned (0 -> -1), lit by a corona, glowing
A: permanent stasis, dig shafts and tunnels, antennae 3, four strong arms
a: Dig, Shaft Self, Renounce Religion, Depart the Abyss, Bend Space, Banish


You were on level 3 of the Dungeon.
You worshipped Lugonu.
Lugonu was most pleased with you.
You visited 1 branch of the dungeon, and saw 4 of its levels.
You visited the Abyss 1 time.

You collected 168 gold pieces.

Inventory:

Hand Weapons
 a - a +1 falchion (weapon)
Armour
 b - a +0 leather armour
 g - a +0 ring mail (worn)
Jewellery
 d - a ring of poison resistance
Scrolls
 f - a scroll of identify
Potions
 c - 3 potions of berserk rage
 e - a potion of resistance {unknown}
 i - 3 potions of haste {unknown}
 k - a potion of might {unknown}
 l - 2 potions of heal wounds {unknown}
 m - a potion of cancellation {unknown}
 o - a potion of attraction {unknown}
 p - 2 potions of mutation {unknown}
 r - 3 potions of lignification {unknown}


   Skills:
 + Level 3.8 Fighting
 + Level 2.6 Long Blades
 + Level 3.0 Armour
 + Level 1.7 Dodging
 * Level 3.9 Invocations


You had 4 spell levels left.
You didn't know any spells.
Your spell library contained the following spells:

 Spells                   Type           Power      Damage    Failure   Level
 Magic Dart               Conj           0%         1d3       56%         1
 Searing Ray              Conj           0%         2d4       71%         2
 Dazzling Flash           Conj/Hex       0%         N/A       90%         3
 Fulminant Prism          Conj/Hex       0%         3d6       100%        4
 Agony                    Necr           0%         N/A       100%        5
 Silence                  Hex/Air        0%         N/A       100%        5


Dungeon Overview and Level Annotations

Branches:
Dungeon (4/15)             Temple (0/1) D:4

Altars:

Annotations:
D:4 Dowan, Duvessa


Innate Abilities, Weirdness & Mutations

You cannot be hasted, slowed, berserked, paralysed or teleported.
You can dig through walls and to a lower floor.
You have a pair of large antennae on your head. (SInv)
Your four strong arms can wield two-handed weapons with a shield.


Message History

Dowan is heavily wounded.
You feel sick.
Dowan hits you with a +2 dagger of venom.
You are more poisoned.
You hit Dowan.
Dowan is heavily wounded.
You feel very sick.
Dowan hits you with a +2 dagger of venom.
You are lethally poisoned!
You feel better. Dowan closely misses you.
You closely miss Dowan.
Dowan is heavily wounded.
Dowan hits you with a +2 dagger of venom.
You are poisoned.
You closely miss Dowan.
Dowan is heavily wounded.
You feel sick.
Dowan zaps a wand.
The roots erupt in riotous growth!
The grasping roots grab you!
Dowan is unaffected.
The grasping roots constrict you.
You hit Duvessa but do no damage.
You feel sick. The grasping roots constrict you.
* * * LOW HITPOINT WARNING * * *
You hit Duvessa.
Duvessa is lightly wounded.
You feel sick. Duvessa hits you with a +0 short sword.
* * * LOW HITPOINT WARNING * * *
Dowan gestures wildly while chanting.
Dowan blinks!
The roots lose their grip on you.
You feel sick.
There is a stone staircase leading up here.
Unknown command.
Level annotation: Dowan, Duvessa Welcome back, reriks the Formicid Abyssal Knight.
Lugonu says: Spread carnage and corruption!
Press ? for a list of commands and other information.
Okay, then.
You feel sick. Duvessa hits you with a +0 short sword.
* * * LOW HITPOINT WARNING * * *
You climb upwards.
You die...

........#..........#
...####............# ...#
###..........# ...#
##........## ...#
#..........# ...#
#..[.......# ...#
#..........###### (###
#..........##...# .#
#.......@..##...# .#
##........###...# ##
###......####...# #
######...#######.....####
##.......................#
###..##.###.............####
....##..................#
........####.........#.##
.###.#######.........#.#


There were no monsters in sight!

Vanquished Creatures
  An iguana (D:4)
  4 adders
  2 dart slugs (D:3)
  4 orcs (D:3)
  4 ball pythons
  3 bats
  5 endoplasms
  2 giant cockroaches (D:2)
  3 goblins
  3 hobgoblins
  2 jackals (D:2)
  A quokka (D:2)
  4 frilled lizards
  2 kobolds
  6 rats
46 creatures vanquished.

Notes
Turn   | Place    | Note
-------+----------+-------------------------------------------
     0 | Abyss:1  | reriks the Formicid Abyssal Knight began the quest for the
                  | Orb.
     0 | Abyss:1  | Reached XP level 1. HP: 18/18 MP: 2/2
     1 | D:1      | Escaped the Abyss
   264 | D:1      | Reached skill level 1 in Dodging
   438 | D:1      | Reached XP level 2. HP: 18/24 MP: 3/3
   729 | D:1      | Found a faded altar of an unknown god.
  1458 | D:2      | Reached XP level 3. HP: 22/29 MP: 5/5
  2860 | D:3      | Reached XP level 4. HP: 31/36 MP: 6/6
  3468 | D:3      | Reached *** piety under Lugonu
  3925 | D:4      | Reached XP level 5. HP: 30/42 MP: 7/7
  4108 | D:4      | Noticed Dowan
  4116 | D:4      | Noticed Duvessa
  4127 | D:4      | HP: 1/42 [Duvessa/+0 short sword (6)]
  4128 | D:3      | Succumbed to Dowan's poison

Illustrated notes

Levels and vault maps discovered:
D:1:      matt_arrival_refuge, layout_loops_ring,
          shapermc_ecumenical_altar_totnotflames
D:2:      wad_pebble_path, layout_rooms, grunt_decor_fettered, st_stairs_13,
          minmay_misc_feat_diagonals
D:3:      layout_rooms
D:4:      layout_gridville, minmay_temple_entry_slanted, uniq_duvessa

Skill      XL: |  1  2  3  4 |
---------------+-------------+-----
Dodging        | 1 |  1.7
Invocations    | 3 |  3.9
Armour         | 3 |  3.0
Fighting       | |  3.8
Long Blades    | |  2.6

Action                   |  1- 3 |  4- 6 || total
-------------------------+-------+-------++-------
Melee: Falchion          |   116 |    68 ||   184
Invok: Bend Space        |     1 |       ||     1
  Use: Scroll            |     2 |     5 ||     7
       Potion            |     1 |     2 ||     3
 Stab: Sleeping          |     1 |       ||     1
Armor: Leather armour    |     7 |       ||     7
       Ring mail         |    43 |    13 ||    56
Dodge: Dodged            |    70 |    46 ||   116

Table legend: (Time is in decaauts)
 A = Elapsed time spent in this place.
 B = Non-inter-level travel time spent in this place.
 C = Inter-level travel time spent in this place.
 D = Time resting spent in this place.
 E = Time spent auto-exploring this place.
 F = Levels seen in this place.
 G = Mean time per level.
                   A        B        C        D        E       F      G
               +--------+--------+--------+--------+--------+-----+--------+
         Total |   4164 |   4032 |    132 |   1646 |   1928 |   5 |  832.8 |
       Dungeon |   4163 |   4031 |    132 |   1646 |   1928 |   4 | 1040.8 |
         Abyss |      1 |      1 |      0 |      0 |      0 |   1 |    1.0 |
               +--------+--------+--------+--------+--------+-----+--------+

Top non-repeatable levels by time:
     D:2: 1458 daAuts
     D:1: 1358 daAuts
     D:3: 1119 daAuts
     D:4: 226 daAuts
 Abyss:1: 1 daAuts
